Map: Oxide LE

Players

RagnaroK (SHIN)

  • Race: Zerg Zerg
  • Spawn Location: 7:00

Cyan - Winner!

  • Race: Protoss Protoss
  • Spawn Location: 1:00

Event: IEM Katowice 2021

VOD

Have the link to the VOD?

Description

Time

  • Played on: Feb. 20, 2021, 11:46 a.m.
  • Length: 16:39

All games in this series

Show
View Real Time Build Order
Export as new Build Order

RagnaroK Zerg 

Build Orders: Hatch First 

Get SALT Encoding   

  12  0:00  Drone  
  13  0:12  Overlord  
  13  0:17  Drone  
  14  0:31  Drone  
  14  0:32  Drone  
  16  0:44  Drone  
  17  0:54  Hatchery  
  17  0:56  Drone  
  17  0:58  Drone  
  18  1:10  Extractor  
  17  1:13  Spawning Pool  
  17  1:15  Drone  
  17  1:20  Drone  
  18  1:30  Drone  
  20  1:40  Drone  
  20  1:50  Overlord  
  20  2:00  Queen  
  22  2:05  Queen  
  22  2:06  Zergling x4  
  26  2:13  Drone  
  27  2:16  Drone  
  27  2:18  Metabolic Boost  
  28  2:25  Drone  
  28  2:27  Drone  
  31  2:37  Drone  
  31  2:39  Drone  
  32  2:46  Hatchery  
  32  2:47  Queen  
  33  2:53  Overlord  
  33  3:00  Drone x2  
  33  3:03  Drone  
  36  3:13  Drone x4  
  36  3:15  Overlord, Drone  
  41  3:23  Drone  
  41  3:26  Queen  
  44  3:28  Spore Crawler  
  44  3:29  Drone  
  44  3:33  Drone  
  45  3:37  Overlord  
  45  3:50  Spore Crawler  
  45  3:54  Overlord  
  44  3:56  Zergling x2, Drone x2  
  44  3:57  Zergling x6  
  44  3:59  Drone, Queen  
  53  4:03  Queen  
  53  4:04  Drone  
  53  4:08  Drone  
  53  4:09  Drone  
  58  4:15  Drone  
  58  4:16  Drone x2  
  58  4:17  Drone  
  62  4:19  Drone x2  
  62  4:21  Spore Crawler  
  63  4:26  Roach Warren  
  63  4:28  Drone  
  63  4:32  Drone x3  
  63  4:34  Overlord  
  63  4:37  Lair  
  65  4:52  Zergling x2  
  65  4:53  Drone  
  65  4:54  Drone x8  
  65  4:58  Zergling x4  
  73  5:02  Drone  
  73  5:03  Overlord  
  73  5:04  Extractor  
  73  5:06  Extractor  
  71  5:13  Drone  
  72  5:15  Drone x2  
  74  5:23  Drone x3  
  74  5:25  Extractor  
  74  5:26  Zergling x4  
  74  5:27  Zergling x4, Extractor  
  78  5:29  Drone x3  
  78  5:30  Overlord x2  
  78  5:35  Overseer  
  81  5:36  Pneumatized Carapace  
  81  5:38  Evolution Chamber  
  81  5:39  Drone  
  81  5:46  Hydralisk Den, Queen  
  81  5:48  Overlord x3  
  82  5:51  Zergling x4, Roach x2  
  82  5:54  Zergling x8, Roach  
  94  6:00  Roach x2  
  97  6:05  Glial Reconstitution  
  97  6:07  Zergling x4  
  97  6:08  Zergling x4  
  101  6:19  Drone x3  
  101  6:20  Drone x2  
  101  6:21  Extractor, Drone  
  106  6:27  Zerg Missile Weapons Level 1  
  106  6:31  Zergling x4  
  106  6:32  Zergling x8  
  112  6:35  Hatchery  
  110  6:40  Overlord  
  110  6:42  Roach  
  112  6:49  Overlord  
  112  6:52  Overlord  
  112  6:58  Overlord  
  112  7:01  Grooved Spines  
  112  7:07  Ravager  
  113  7:08  Drone  
  113  7:13  Overlord  
  113  7:14  Drone  
  113  7:15  Drone x7  
  122  7:17  Drone  
  122  7:20  Infestation Pit  
  122  7:21  Baneling Nest, Drone  
  122  7:22  Drone x2  
  124  7:28  Hydralisk x2, Drone  
  124  7:29  Hydralisk x3, Drone  
  136  7:34  Spore Crawler  
  136  7:35  Spore Crawler x2  
  133  7:38  Hydralisk x3  
  138  7:45  Drone x2  
  138  7:46  Drone  
  138  7:47  Hydralisk  
  138  7:48  Zergling x4  
  138  7:49  Extractor  
  138  7:51  Drone  
  145  7:53  Drone x2  
  145  7:54  Spore Crawler  
  145  7:55  Hydralisk, Spore Crawler  
  145  7:56  Hydralisk, Overseer  
  145  7:58  Hive  
  149  8:05  Hydralisk, Zergling x6  
  153  8:06  Overseer  
  153  8:12  Muscular Augments, Centrifical Hooks  
  153  8:17  Overlord  
  153  8:18  Overseer  
  153  8:19  Hydralisk, Zergling x6  
  159  8:20  Zergling x8  
  159  8:22  Overlord x2  
  159  8:27  Overseer  
  159  8:29  Zerg Missile Weapons Level 2  
  159  8:33  Evolution Chamber  
  158  8:34  Overlord  
  158  8:36  Drone x4  
  158  8:37  Hydralisk, Zergling x2  
  158  8:38  Zergling x4  
  158  8:39  Hydralisk  
  158  8:41  Hydralisk  
  170  8:54  Overlord  
  168  8:56  Drone x5  
  168  8:59  Extractor  
  172  9:03  Hydralisk x5  
  172  9:04  Hatchery  
  181  9:11  Viper  
  181  9:13  Viper x2  
  181  9:15  Overlord x2  
  190  9:19  Zerg Melee Weapons Level 1  
  185  9:27  Spore Crawler x2  
  185  9:28  Spore Crawler  
  175  9:32  Hydralisk  
  175  9:33  Zergling x28  
  191  9:40  Hydralisk  
  193  9:52  Baneling x10  
  190  9:56  Baneling x20  
  190  10:00  Zergling x18  
  194  10:08  Hydralisk, Zergling x4  
  194  10:09  Zergling x4  
  175  10:30  Zergling x34  
  175  10:33  Viper  
  166  10:36  Viper x2  
  166  10:38  Zergling x6  
  166  10:41  Hydralisk x2  
  166  10:42  Hydralisk, Zergling x2  
  171  10:43  Zergling x6  
  171  10:44  Hydralisk  
  171  10:45  Zergling x2  
  173  10:50  Hydralisk x2  
  173  10:53  Hydralisk  
  173  10:54  Zergling x4  
  178  10:59  Hydralisk  
  178  11:00  Zergling x4  
  179  11:07  Drone  
  179  11:10  Baneling x16  
  179  11:11  Baneling x7  
  180  11:15  Hydralisk  
  180  11:16  Zergling x20  
  192  11:23  Spine Crawler  
  192  11:24  Hydralisk, Spine Crawler  
  192  11:25  Zergling x4  
  193  11:26  Baneling x8  
  193  11:27  Baneling  
  193  11:32  Hydralisk  
  195  11:33  Zergling x8  
  195  11:34  Baneling  
  195  11:35  Baneling x4  
  199  11:45  Baneling x9  
  199  11:46  Baneling  
  197  12:04  Zergling x30  
  197  12:07  Hatchery  
  193  12:11  Hydralisk, Zergling x2  
  193  12:12  Zergling x10  
  184  12:16  Hydralisk x3  
  189  12:26  Hydralisk x3  
  189  12:27  Zergling x2  
  178  12:37  Hydralisk x6  
  178  12:44  Hydralisk  
  166  12:49  Hydralisk x2  
  148  12:55  Hydralisk  
  148  12:57  Hydralisk  
  142  13:00  Hydralisk  
  142  13:04  Hydralisk x2  
  142  13:05  Hydralisk  
  146  13:06  Hydralisk  
  146  13:08  Hydralisk  
  146  13:11  Hydralisk  
  141  13:15  Hydralisk  
  141  13:19  Zergling x2  
  130  13:22  Overseer  
  130  13:23  Hydralisk, Overseer x3  
  130  13:26  Queen  
  127  13:27  Hydralisk  
  127  13:34  Hydralisk x2  
  127  13:39  Zergling x2  
  132  13:42  Viper  
  132  13:45  Viper  
  138  13:51  Zergling x2  
  138  13:52  Zergling x2  
  138  13:54  Viper  
  143  14:01  Zergling x2  
  144  14:04  Hatchery  
  144  14:06  Hydralisk, Zergling x2  
  146  14:13  Zergling x4  
  146  14:14  Baneling Nest  
  146  14:16  Zergling x2, Spine Crawler  
  147  14:17  Spine Crawler  
  147  14:23  Zergling x2  
  147  14:29  Hydralisk  
  147  14:30  Zergling x14  
  156  14:34  Zergling x6  
  156  14:35  Hatchery  
  156  14:36  Hydralisk  
  156  14:37  Zergling x2  
  163  14:42  Zergling x2  
  164  14:48  Zergling x4  
  164  14:51  Zergling x2  
  167  14:56  Zergling x4  
  167  14:58  Overlord x2  
  166  15:01  Baneling x22  
  166  15:02  Baneling  
  166  15:08  Baneling  
  166  15:09  Baneling x6  
  166  15:10  Baneling  
  166  15:15  Baneling x6  
  166  15:16  Baneling x2  
  166  15:20  Zergling x4  
  168  15:24  Zergling x4  
  168  15:26  Zergling x2  
  171  15:29  Zergling x2  
  170  15:37  Overseer  
  170  15:39  Zergling x6  
  173  15:44  Zergling x12  
  173  15:48  Zergling x4  
  180  15:53  Zergling x2  
  181  15:57  Zergling x4  
  182  16:04  Zergling x4  
  174  16:11  Zergling x2  
  174  16:12  Zergling x4  
  162  16:19  Zergling x4  
Show
View Real Time Build Order
Export as new Build Order

Cyan Protoss - Winner!

Build Orders: 1 Gate Expand, Oracle Opening 

Get SALT Encoding   

  12  0:00  Probe  
  13  0:12  Probe  
  14  0:19  Pylon  
  14  0:24  Probe (Chrono Boost)  
  15  0:37  Probe (Chrono Boost)  
  15  0:39  Gateway  
  16  0:45  Probe (Chrono Boost)  
  17  0:50  Assimilator  
  17  0:51  Probe  
  18  1:03  Probe  
  19  1:15  Probe  
  20  1:26  Nexus  
  20  1:36  Cybernetics Core  
  20  1:39  Probe  
  21  1:45  Assimilator  
  21  1:53  Probe  
  22  1:55  Pylon  
  22  2:05  Probe (Chrono Boost)  
  23  2:11  Adept (Chrono Boost)  
  23  2:15  Probe (Chrono Boost)  
  26  2:18  Stargate  
  26  2:20  Probe (Chrono Boost)  
  27  2:27  Warp Gate  
  27  2:33  Adept  
  27  2:34  Probe (Chrono Boost)  
  30  2:37  Probe (Chrono Boost)  
  32  2:47  Probe (Chrono Boost)  
  32  2:48  Probe (Chrono Boost)  
  33  2:52  Probe (Chrono Boost)  
  33  2:54  Void Ray (Chrono Boost)  
  33  2:55  Probe  
  35  3:04  Probe  
  40  3:08  Probe  
  40  3:09  Gateway  
  41  3:14  Pylon  
  41  3:16  Probe  
  42  3:20  Probe  
  43  3:29  Probe  
  43  3:32  Adept, Oracle, Probe  
  50  3:39  Pylon  
  50  3:41  Probe  
  51  3:44  Probe  
  52  3:53  Probe  
  53  3:56  Nexus  
  53  3:57  Probe  
  54  4:06  Gateway  
  54  4:08  Gateway  
  54  4:10  Probe  
  54  4:14  Probe  
  54  4:15  Pylon  
  56  4:21  Twilight Council  
  56  4:23  Probe  
  56  4:24  Adept  
  59  4:29  Adept  
  61  4:32  Probe  
  61  4:36  Pylon  
  61  4:37  Assimilator  
  62  4:39  Assimilator  
  62  4:41  Probe  
  63  4:51  Probe  
  64  4:54  Probe  
  64  4:56  Pylon  
  64  4:57  Resonating Glaives (Chrono Boost)  
  61  5:03  Adept x4  
  61  5:04  Shield Battery  
  67  5:09  Shield Battery, Probe (Chrono Boost)  
  68  5:15  Stargate  
  68  5:16  Pylon  
  68  5:18  Probe x2 (Chrono Boost)  
  71  5:21  Void Ray, Probe (Chrono Boost)  
  71  5:28  Probe (Chrono Boost)  
  76  5:29  Probe (Chrono Boost)  
  76  5:30  Probe (Chrono Boost)  
  76  5:34  Robotics Facility  
  78  5:36  Probe  
  78  5:38  Probe  
  78  5:40  Probe  
  81  5:43  Adept  
  81  5:44  Probe  
  81  5:45  Adept  
  81  5:48  Adept  
  88  5:50  Probe  
  88  5:51  Assimilator  
  88  5:56  Probe  
  88  5:57  Void Ray, Assimilator, Probe  
  89  6:00  Pylon  
  95  6:05  Probe  
  95  6:06  Void Ray  
  95  6:08  Probe  
  95  6:09  Probe  
  98  6:17  Probe  
  103  6:20  Probe  
  103  6:23  Pylon, Observer  
  105  6:26  Robotics Bay  
  105  6:32  Robotics Facility  
  105  6:33  Pylon  
  105  6:34  Probe  
  105  6:35  Void Ray  
  105  6:36  Probe  
  107  6:45  Pylon  
  107  6:46  Charge  
  111  6:51  Void Ray  
  111  6:56  Pylon  
  115  7:03  Gateway  
  115  7:05  Gateway  
  115  7:06  Pylon  
  115  7:11  Probe x2  
  115  7:12  Probe  
  121  7:20  Disruptor x2 (Chrono Boost)  
  121  7:24  Nexus  
  121  7:28  Pylon  
  124  7:30  Pylon  
  124  7:31  Void Ray x2  
  128  7:39  Probe  
  128  7:42  Probe  
  134  7:48  Probe, Forge  
  134  7:49  Shield Battery, Gateway  
  134  7:50  Colossus (Chrono Boost)  
  134  7:51  Shield Battery, Probe, Disruptor (Chrono Boost)  
  136  7:52  Pylon  
  145  8:03  Probe x2  
  145  8:04  Probe  
  148  8:08  Gateway  
  148  8:10  Gateway  
  148  8:12  Gateway  
  148  8:16  Colossus (Chrono Boost)  
  148  8:24  Extended Thermal Lance  
  154  8:28  Photon Cannon  
  154  8:29  Observer  
  154  8:30  Photon Cannon  
  154  8:32  Probe x2  
  154  8:33  Photon Cannon x2  
  156  8:35  Photon Cannon  
  156  8:36  Zealot x2  
  160  8:50  Protoss Ground Weapons Level 1 (Chrono Boost)  
  160  8:54  Observer (Chrono Boost)  
  161  8:55  Probe  
  161  8:58  Assimilator  
  161  9:00  Colossus (Chrono Boost), Sentry x2  
  165  9:03  Assimilator  
  165  9:07  Photon Cannon  
  165  9:08  Pylon  
  165  9:09  Pylon  
  171  9:14  Probe  
  171  9:16  Colossus (Chrono Boost)  
  172  9:18  Templar Archives  
  172  9:23  Probe  
  167  9:34  Zealot x4  
  167  9:35  Zealot x6  
  187  9:43  Warp Prism (Chrono Boost)  
  187  9:44  Psionic Storm  
  187  9:46  Pylon  
  187  9:47  Nexus  
  185  10:12  Zealot x7  
  199  10:16  Gravitic Drive (Chrono Boost), Dark Shrine  
  199  10:24  Photon Cannon  
  199  10:26  Photon Cannon  
  199  10:28  Shield Battery  
  168  10:29  Pylon  
  168  10:31  Photon Cannon  
  168  10:32  Zealot x2  
  168  10:33  Zealot x7  
  148  10:45  Zealot  
  144  10:54  High Templar, Disruptor (Chrono Boost)  
  144  10:55  Disruptor (Chrono Boost), High Templar x7  
  160  11:06  Gravitic Boosters  
  160  11:08  Photon Cannon  
  160  11:10  Pylon  
  160  11:11  Photon Cannon  
  160  11:14  Protoss Ground Weapons Level 2 (Chrono Boost), Shield Battery  
  160  11:15  Photon Cannon  
  160  11:20  Forge  
  156  11:26  Zealot, Shadow Stride (Chrono Boost)  
  156  11:27  Zealot x9  
  176  11:34  Assimilator x2  
  176  11:37  Photon Cannon  
  176  11:39  Colossus (Chrono Boost)  
  176  11:42  Colossus (Chrono Boost)  
  188  11:53  High Templar x4  
  196  11:57  Archon  
  196  11:59  Archon  
  191  12:06  Zealot x5  
  191  12:07  Zealot  
  140  12:17  Void Ray x2  
  118  12:28  High Templar x3  
  132  12:34  Archon  
  132  12:36  Zealot  
  130  12:40  Zealot x6  
  114  12:55  Colossus x2 (Chrono Boost)  
  111  12:58  Zealot  
  111  13:00  Zealot x2  
  111  13:01  Zealot x3  
  111  13:05  Dark Templar  
  118  13:08  Dark Templar  
  107  13:13  Dark Templar  
  94  13:26  High Templar x2  
  94  13:27  Probe x2  
  94  13:28  Probe  
  94  13:30  Probe  
  88  13:34  Dark Templar  
  88  13:39  Probe  
  88  13:40  Observer (Chrono Boost), High Templar  
  93  13:43  Archon  
  92  13:56  Zealot  
  92  13:57  High Templar  
  92  13:58  High Templar  
  96  14:08  Zealot  
  98  14:17  Nexus  
  98  14:18  High Templar  
  98  14:19  Zealot x3, Pylon, High Templar  
  98  14:22  Archon  
  108  14:33  Dark Templar  
  110  14:38  Photon Cannon  
  110  14:40  Photon Cannon  
  110  14:44  Cybernetics Core  
  110  14:45  Zealot x2, High Templar x2  
  118  14:48  Pylon  
  118  14:49  Archon  
  118  14:54  Observer  
  118  14:58  Dark Templar  
  117  15:09  Gateway  
  117  15:11  High Templar x2  
  117  15:12  Gateway x2  
  121  15:15  Archon  
  121  15:22  Adept  
  121  15:24  Zealot x2, High Templar x2  
  129  15:28  Archon  
  129  15:34  Dark Templar  
  131  15:45  Zealot x4, Dark Templar  
  131  15:49  Archon  
  141  15:58  Zealot x2  
  143  16:10  Zealot x3, High Templar x2  
  135  16:27  Archon  
  135  16:28  Zealot x3  
  135  16:29  Zealot x3  
  135  16:31  Zealot  
  133  16:33  Zealot  

Tags
 
Add a new tag
Caveats
  • Supply blocks, unpowered buildings, or Contaminate may cause inaccurate times.
  • Supply counts are checked every 10 seconds.